Map: Prion Terraces

Players

ZeRgWaVe - Winner!

  • Race: Zerg Zerg
  • League: Master

xKawaiian

  • Race: Terran Terran
  • League: Master

VOD

Have the link to the VOD?

Description

Time

  • Played on: Jan. 10, 2016, 4:47 p.m.
  • Length: 6:13
Show
View Real Time Build Order
Export as new Build Order

ZeRgWaVe Zerg - Winner!

Build Orders: Hatch First, Ravager All-In 

Get SALT Encoding   

  12  0:01  Drone  
  13  0:12  Overlord  
  13  0:17  Drone  
  14  0:31  Drone x2  
  14  0:35  Drone  
  17  0:53  Hatchery  
  16  0:58  Extractor  
  16  1:00  Drone x2  
  17  1:14  Spawning Pool  
  16  1:19  Drone  
  16  1:23  Drone  
  18  1:29  Drone  
  19  1:40  Overlord  
  19  1:50  Drone  
  20  2:01  Queen  
  20  2:04  Metabolic Boost  
  20  2:06  Zergling x2  
  20  2:08  Queen  
  23  2:11  Drone  
  27  2:15  Drone  
  27  2:21  Drone  
  27  2:37  Drone x4, Extractor  
  30  2:46  Zergling x2  
  30  2:50  Zergling x2  
  32  2:54  Zergling x2  
  33  2:59  Roach Warren  
  33  3:02  Zergling x2  
  33  3:04  Queen  
  35  3:06  Zergling x2  
  35  3:09  Zergling x2  
  33  3:16  Queen  
  35  3:22  Overlord  
  34  3:34  Zergling x4  
  35  3:40  Overlord  
  35  3:44  Roach x2  
  35  3:47  Roach  
  41  4:01  Roach x2  
  45  4:08  Roach  
  45  4:12  Roach x2  
  45  4:15  Ravager x2  
  45  4:16  Ravager  
  52  4:22  Overlord  
  52  4:35  Ravager  
  52  4:36  Ravager  
  52  4:40  Overlord  
  52  4:50  Ravager x2  
  54  4:53  Zergling x10  
  58  5:08  Ravager  
  58  5:11  Roach  
  61  5:14  Zergling x6  
  61  5:15  Zergling x4  
  66  5:30  Roach  
  66  5:32  Overlord x2  
  68  5:43  Overlord  
  68  5:52  Drone x4  
  68  5:53  Drone x3  
Show
View Real Time Build Order
Export as new Build Order

xKawaiian Terran 

Build Orders:  

Get SALT Encoding   

  12  0:00  SCV  
  13  0:12  SCV  
  14  0:17  Supply Depot  
  14  0:24  SCV  
  15  0:39  SCV  
  15  0:40  Barracks  
  16  0:44  Refinery  
  16  0:52  SCV  
  17  0:59  Barracks  
  17  1:13  Barracks  
  17  1:23  Refinery  
  17  1:28  Reaper  
  17  1:30  SCV  
  19  1:47  Reaper  
  20  1:55  Supply Depot  
  20  2:00  Reaper  
  21  2:04  Reaper  
  22  2:08  Orbital Command  
  22  2:19  Reaper  
  23  2:32  Reaper  
  23  2:35  SCV  
  23  2:37  Reaper  
  26  2:48  SCV  
  27  2:51  Reaper  
  28  3:00  SCV  
  28  3:04  Reaper  
  30  3:09  Reaper  
  31  3:13  SCV  
  31  3:18  Supply Depot  
  31  3:30  Supply Depot  
  31  3:39  SCV, Reaper  
  35  3:51  SCV  
  35  3:53  Command Center  
  36  4:12  Barracks Reactor, Barracks Tech Lab  
  36  4:15  SCV  
  35  4:21  Command Center  
  35  4:25  Barracks Tech Lab  
  35  4:31  SCV  
  36  4:37  Factory  
  36  4:39  Marauder  
  38  4:54  SCV  
  39  5:02  Marine  
  39  5:03  Marine  
  39  5:04  Marauder  
  41  5:12  Marauder  
  43  5:18  SCV  
  44  5:22  Starport  
  44  5:24  Factory Tech Lab  
  38  5:30  SCV  
  38  5:31  Marine  
  40  5:38  Orbital Command  
  40  5:42  SCV  
  41  5:43  Marine  
  41  5:54  SCV  
Tags
 
Add a new tag
Caveats
  • Supply blocks, unpowered buildings, or Contaminate may cause inaccurate times.
  • Supply counts are checked every 10 seconds.